 Dungeon Crawl Stone Soup version 0.27.1-35-g4d5d836560 (console) character file.

Game seed: 18219397008693249839

53 grimtooth the Skirmisher (level 3, -6/32 HPs)
             Began as a Palentonga Abyssal Knight on June 5, 2022.
             Was a Follower of Lugonu.
             Mangled by Sigmund (8 damage)
             ... on level 2 of the Dungeon.
             The game lasted 00:04:16 (1247 turns).

grimtooth the Skirmisher (PaAK)                     Turns: 1247, Time: 00:04:16

Health: -6/32      AC:  4    Str: 16    XL:     3   Next: 64%
Magic:  4/4        EV:  9    Int: 12    God:    Lugonu [*.....]
Gold:   73         SH:  0    Dex:  9    Spells: 2/2 levels left

rFire    . . .     SeeInvis +   a - +1 mace
rCold    . . .     Faith    .   (no shield)
rNeg     . . .     Spirit   .   b - +0 leather armour
rPois    .         Reflect  .   (no helmet)
rElec    .         Harm     .   (no cloak)
rCorr    .         Rampage  .   (no gloves)
Will     .....                  (no barding)
Stlth    ..........             (no amulet)
HPRegen  0.10/turn              (no ring)
MPRegen  0.09/turn              (no ring)

@: confused
A: large, rugged brown scales 3, see invisible, deformed body, roll 1, armoured
tail
a: Rolling Charge, Renounce Religion, Depart the Abyss


You were on level 2 of the Dungeon.
You worshipped Lugonu.
Lugonu was aware of your devotion.
You visited 1 branch of the dungeon, and saw 2 of its levels.
You visited the Abyss 1 time.

You collected 73 gold pieces.

Inventory:

Hand Weapons
 a - a +1 mace (weapon)
Armour
 b - a +0 leather armour (worn)
Scrolls
 c - a scroll of identify {@r4}
 d - a scroll of teleportation {unknown}
 e - a scroll of noise
 f - a scroll of vulnerability {unknown}


   Skills:
 + Level 3.9 Fighting
 + Level 3.2 Maces & Flails
 - Level 1.5 Armour
 - Level 0.7 Dodging
 - Level 2.0 Invocations


You had 2 spell levels left.
You didn't know any spells.
Your spell library contained the following spells:

 Spells                   Type           Power      Damage    Failure   Level
 Dazzling Flash           Conj/Hex       0%         N/A       77%         3
 Iskenderun's Mystic Bla  Conj/Tloc      0%         2d3       99%         4
 Starburst                Conj/Fire      0%         6d3       100%        6


Dungeon Overview and Level Annotations

Branches:
Dungeon (2/15)

Altars:

Annotations:
D:2 Sigmund


Innate Abilities, Weirdness & Mutations

You are completely covered in rugged brown scales. (AC +3, +7% HP)
You have supernaturally acute eyesight. (SInv)
Armour fits poorly on your strangely shaped body.
You can roll at nearby foes to attack.
You have a long armoured tail.


Message History

Lugonu accepts your kill.
Things that are here:
a +0 club; a goblin corpse
Found a scroll labelled HOPOBA KOGOH.
f - a scroll labelled HOPOBA KOGOH
Found 14 stones.
Found a stone staircase leading up.
Found 7 gold pieces.
Found 9 gold pieces.
You now have 64 gold pieces (gained 7).
You now have 73 gold pieces (gained 9).
Sigmund the Dreaded comes into view.
He is wielding a +2 scythe of protection.
Sigmund shouts!
Sigmund casts a spell at you.
You are confused.
Enter note: - off to a great start You aren't carrying any potions.
You are too confused!
Okay, then.
You bump into the rock wall.
You feel less confused.
Roll where?
Press: ? - help, Dir - move target, f - Sigmund
Aim: Sigmund, wielding a +2 scythe of protection and wearing a +0 robe You roll forward with a clatter of scales!
You closely miss Sigmund. Sigmund gestures at you while chanting.
The puff of flame hits you.
You barely miss Sigmund.
Sigmund hits you with a +2 scythe of protection!
As you read the scroll labelled XINU OCHOTE, it crumbles to dust.
It is a scroll of identify.
e - a scroll of noise Sigmund hits you with a +2 scythe of protection!
* * * LOW HITPOINT WARNING * * *
Sigmund points at you and mumbles some strange words.
You are confused.
You bump into the rock wall.
Sigmund hits you with a +2 scythe of protection!
You die...

.# #.## ### ########
...# ..# #......# ...#
#.# #######.####.# ...#
#.# #........# #.#
...#### #.#
#.#####..###.####.......
#.# #<...@@.........#
..# #.#..###.####...#
###### #.###.#..###.#
....# .....#
#............# .@.##
####.#######.########
#.## #...# #.# .# #.#.#
#.# .# #...# #.# +#
###.# #.### #####.###
#...## #.#.....# ###..##


You could see Sigmund.

Vanquished Creatures
  2 adders (D:2)
  2 dart slugs
  3 endoplasms
  A giant cockroach (D:2)
  2 goblins
  4 hobgoblins
  4 kobolds
  A quokka (D:1)
  4 ball pythons (D:1)
  A bat (D:2)
  3 frilled lizards
  4 rats
31 creatures vanquished.

Notes
Turn   | Place    | Note
-------+----------+-------------------------------------------
     0 | Abyss:1  | grimtooth the Palentonga Abyssal Knight began the quest for
                  | the Orb.
     0 | Abyss:1  | Reached XP level 1. HP: 19/19 MP: 2/2
    29 | Abyss:1  | Noticed a small abomination
    53 | Abyss:1  | Noticed a starcursed mass
    54 | D:1      | Escaped the Abyss
   172 | D:1      | Reached XP level 2. HP: 23/25 MP: 3/3
   173 | D:1      | Reached * piety under Lugonu
   860 | D:2      | Reached XP level 3. HP: 31/31 MP: 4/4
  1232 | D:2      | Noticed Sigmund
  1233 | D:2      | - off to a great start
  1241 | D:2      | HP: 1/32 [Sigmund (13)]
  1247 | D:2      | Mangled by Sigmund

Illustrated notes

.# #.## ######## ...#
#......# ...#
#######.####.# ...#
#........# #.# ...####
#.#####..###.####.......
#<..........@...#
#.#..###.####...#
#.###.#..###.# ....#
#............# .@.##
#####.######## #.## #.#
.# #.# .# #.# +# #.###
## #...## .# ###..##


Turn 1233 on D:2: - off to a great start

Levels and vault maps discovered:
D:1:      dpeg_arrival_tiny_i, layout_basic
D:2:      layout_loops_corners, grunt_ministairs_7, uniq_sigmund

Skill      XL: |  1  2  3 |
---------------+----------+-----
Maces & Flails | 3 |  3.2
Fighting       | |  3.9
Armour         | |  1.5
Dodging        | |  0.7
Invocations    | |  2.0

Action                   || total
-------------------------++-------
Melee: Mace              ||    81
       Tailslap          ||     6
Invok: Depart the Abyss  ||     1
 Abil: Rolling Charge    ||    19
  Use: Scroll            ||     1
 Stab: Sleeping          ||     1
Armor: Leather armour    ||    21
Dodge: Dodged            ||    29
